AoeStats
← evirbek

Arena

509877165Analyzed
2v2 RM · 5d ago on Sep 28, 2026· 34m 57s· 4 players
Game mode
Random Map
Map size
Medium (4 player)
Population
200
Speed
Normal
Resources
Standard
Victory
Conquest
Starting age
Dark Age
Ending age
Imperial Age
RankedLock teamsTeams togetherTeam positionsShared explorationLock speedFull tech treeHidden civsTurbo modeCheats
Victory
Defeat
🇺🇸 Slavs · United States
936
+9
🇨🇱 Spanish · Chile
902
+11
🇹🇷 Persians · Türkiye
783
-10
🇹🇷 Byzantines · Türkiye
782
-10
mattpowell74
11:09 Feudal Age
11:01 Loom
13:17 Horse Collar
15:43 Castle Age
15:32 Wheelbarrow
15:37 Double-Bit Axe
15:48 Gold Mining
18:51 Man-at-Arms
21:08 Scale Mail Armor
22:34 Long Swordsman
26:19 Squires
29:41 Heavy Plow
31:12 Stone Mining
35:05 Imperial Age
33:26 Hand Cart
32:58 Town Watch
32:46 Pikeman
35:32 Bow Saw
camus
5:51 Loom
9:23 Feudal Age
14:38 Castle Age
14:50 Double-Bit Axe
19:51 Horse Collar
29:20 Imperial Age
27:11 Gold Mining
29:40 Wheelbarrow
28:51 Loom
29:14 Scale Barding Armor
31:43 Husbandry
31:54 Bloodlines
evirbek
12:39 Feudal Age
13:39 Double-Bit Axe
14:08 Horse Collar
14:36 Gold Mining
22:01 Castle Age
SOKOMYS
9:59 Feudal Age
14:43 Loom
17:30 Castle Age
17:31 Double-Bit Axe
18:01 Stone Mining
22:39 Horse Collar
27:59 Imperial Age
27:08 Horse Collar
27:42 Town Watch
28:33 Wheelbarrow
31:49 Scale Barding Armor
31:56 Forging
Connection lost

Rejoining the realm…

Still unreachable

The connection could not be restored.

Session expired

The server has moved on; the page needs a fresh start.